Map: Misty Swamp

Players

panzz

  • Race: Terran Terran
  • League: Gold
  • Spawn Location: 12:00

Abome

  • Race: Zerg Zerg
  • Spawn Location: 3:00

Metasapien

  • Race: Zerg Zerg
  • League: Platinum
  • Spawn Location: 3:00

Chemists - Winner!

  • Race: Terran Terran
  • Spawn Location: 9:00

Doom - Winner!

  • Race: Terran Terran
  • Spawn Location: 9:00

SuzyBae - Winner!

  • Race: Terran Terran
  • League: Master
  • Spawn Location: 12:00

VOD

Have the link to the VOD?

Description

Time

  • Played on: Sept. 24, 2017, 5:40 a.m.
  • Length: 4:18
Show
View Real Time Build Order
Export as new Build Order

panzz Terran 

Build Orders: Command Center First (CC) 

Get SALT Encoding   

  12  0:01  SCV  
  13  0:13  SCV  
  14  0:25  SCV  
  14  0:26  Supply Depot  
  15  0:47  SCV  
  16  1:00  SCV  
  16  1:04  Command Center  
  17  1:12  SCV  
  18  1:19  Barracks  
  18  1:24  Refinery  
  18  1:26  SCV  
  19  1:38  SCV  
  20  1:46  Refinery  
  20  1:52  SCV  
  21  2:05  Barracks  
  21  2:10  Barracks  
  21  2:14  Orbital Command  
  21  2:19  Marine  
  22  2:28  Orbital Command  
  21  2:37  Marine  
  22  2:51  Supply Depot  
  22  2:52  SCV  
  22  2:56  Marine x2  
  24  3:01  Marine  
  24  3:04  SCV  
  26  3:06  Bunker  
  25  3:14  Marine x2  
  27  3:20  Marine  
  28  3:29  SCV x2  
  28  3:31  Marine  
  28  3:32  Marine  
  32  3:40  Barracks Tech Lab  
  32  3:43  Supply Depot  
  32  3:49  Marine  
  32  3:50  Marine  
Show
View Real Time Build Order
Export as new Build Order

Abome Zerg 

Build Orders: Pool First 

Get SALT Encoding   

  12  0:01  Drone  
  13  0:12  Drone  
  14  0:22  Overlord  
  14  0:25  Extractor  
  14  0:26  Extractor  
  14  0:27  Drone  
  13  0:32  Drone  
  16  0:53  Spawning Pool  
  15  1:13  Hatchery  
  15  1:14  Drone  
  15  1:26  Drone x3  
  15  1:29  Extractor  
  17  1:43  Queen  
  17  1:46  Overlord  
  19  1:54  Drone  
  20  2:01  Drone  
  21  2:25  Queen  
  21  2:28  Drone x3  
  26  2:33  Zergling x2  
  27  2:44  Queen  
  29  2:54  Zergling x10  
  34  3:20  Drone x2  
  36  3:29  Overlord  
  36  3:30  Overlord x2  
  35  3:35  Zergling x2  
  32  3:46  Zergling x6  
  30  3:53  Zergling x6  
Show
View Real Time Build Order
Export as new Build Order

Metasapien Zerg 

Build Orders: Hatch First 

Get SALT Encoding   

  12  1:15  Overlord, Drone  
  13  2:11  Hatchery  
  12  2:16  Drone, Spawning Pool  
  12  2:17  Drone x2, Hatchery  
  12  2:18  Extractor  
  12  2:41  Drone x2  
  14  3:08  Queen  
  14  3:11  Overlord  
  16  3:18  Extractor  
  15  3:22  Roach Warren  
  15  3:23  Drone x2  
  15  3:24  Drone  
  15  3:26  Drone  
  18  3:27  Queen  
  18  3:30  Drone  
  21  3:41  Queen  
  21  3:45  Zergling x2  
  24  3:50  Zergling x2  
  24  3:51  Zergling x2  
  26  3:58  Zergling x2  
  26  3:59  Zergling x2  
Show
View Real Time Build Order
Export as new Build Order

Chemists Terran - Winner!

Build Orders: Cyclone Opening 

Get SALT Encoding   

  12  0:01  SCV  
  13  0:13  SCV  
  14  0:18  Supply Depot  
  14  0:25  SCV  
  15  0:38  Refinery  
  15  0:40  SCV  
  16  0:49  Barracks  
  16  0:52  SCV  
  17  1:04  SCV  
  17  1:08  Refinery  
  18  1:16  SCV  
  19  1:28  SCV  
  20  1:39  Factory  
  20  1:41  Orbital Command  
  20  1:46  Barracks Reactor  
  20  2:03  Supply Depot  
  20  2:08  SCV  
  21  2:20  SCV  
  22  2:31  Cyclone  
  22  2:32  Cyclone  
  22  2:33  SCV  
  29  2:45  Supply Depot  
  29  2:46  SCV  
  29  2:50  Supply Depot  
  30  3:00  Barracks Reactor  
  30  3:07  Hellion, Cyclone  
  30  3:08  SCV  
  36  3:13  Supply Depot  
  36  3:20  SCV  
  37  3:28  Cyclone  
  40  3:39  Cyclone  
  43  4:06  SCV  
  47  4:13  Command Center  
Show
View Real Time Build Order
Export as new Build Order

Doom Terran - Winner!

Build Orders: Cyclone Opening 

Get SALT Encoding   

  12  0:01  SCV  
  13  0:13  SCV  
  14  0:19  Supply Depot  
  14  0:30  SCV  
  15  0:36  Refinery  
  15  0:42  Refinery, SCV  
  16  0:54  Barracks  
  16  0:58  SCV  
  17  1:10  SCV  
  18  1:22  SCV  
  19  1:42  Factory  
  19  1:43  Orbital Command, Barracks Reactor  
  19  1:55  Supply Depot  
  19  2:09  SCV  
  20  2:21  SCV  
  21  2:33  SCV, Cyclone x2  
  28  2:39  Supply Depot  
  28  2:45  SCV  
  28  2:46  Factory  
  28  2:49  Barracks Reactor  
  29  2:57  SCV  
  30  3:10  Hellion x2  
  34  3:15  Supply Depot  
  34  3:33  Cyclone  
  37  3:37  Supply Depot, Cyclone  
Show
View Real Time Build Order
Export as new Build Order

SuzyBae Terran - Winner!

Build Orders:  

Get SALT Encoding   

  12  0:01  SCV  
  13  0:13  SCV  
  14  0:19  Supply Depot  
  14  0:25  SCV  
  15  0:40  SCV  
  15  0:42  Barracks  
  16  0:46  Refinery  
  16  0:52  SCV  
  17  1:04  Barracks  
  17  1:07  SCV  
  18  1:14  Refinery  
  18  1:19  SCV  
  19  1:29  Reaper  
  20  1:37  Barracks  
  20  1:50  Supply Depot  
  20  1:51  Reaper  
  21  2:01  Reaper  
  21  2:04  SCV  
  23  2:16  SCV  
  24  2:23  Reaper  
  24  2:25  Reaper  
  24  2:29  Supply Depot  
  26  2:33  Reaper  
  27  2:47  Supply Depot  
  27  2:55  Reaper  
  27  2:57  Reaper  
  28  3:05  Reaper  
  28  3:07  Orbital Command  
  29  3:27  Barracks, Reaper  
  29  3:29  Reaper  
  31  3:38  Reaper  
Tags
 
Add a new tag
Caveats
  • Supply blocks, unpowered buildings, or Contaminate may cause inaccurate times.
  • Supply counts are checked every 10 seconds.